 Dungeon Crawl Stone Soup version 0.27.1-3-gb3d3a73c9e (webtiles) character file.

Game seed: 3044451337681659327

128 cdecastro the Chopper (level 4, -6/38 (39) HPs)
             Began as a Minotaur Berserker on Oct 13, 2021.
             Was a Believer of Trog.
             Killed by nerve-wracking pain
             ... invoked by Grinder
              (7 damage)
             ... on level 3 of the Dungeon.
             The game lasted 00:03:37 (2761 turns).

cdecastro the Chopper (Minotaur Berserker)          Turns: 2761, Time: 00:03:38

HP:   -6/38 (39)    AC:  9    Str: 22    XL:     4   Next: 87%
MP:   3/3           EV:  8    Int:  4    God:    Trog [**....]
Gold: 186           SH:  0    Dex: 10    Spells: 3/3 levels left

rFire    . . .     SeeInvis .   a - +0 hand axe
rCold    . . .     Faith    .   (no shield)
rNeg     . . .     Spirit   .   i - +0 chain mail
rPois    .         Reflect  .   (helmet restricted)
rElec    .         Harm     .   (no cloak)
rCorr    .         Rampage  .   (no gloves)
Will     .....                  c - +0 pair of boots
Stlth    ..........             d - amulet of the acrobat
HPRegen  0.12/turn              (no ring)
MPRegen  0.08/turn              (no ring)

@: on berserk cooldown, slowed, lightly drained, very slow
A: horns 2, retaliatory headbutt
a: Renounce Religion, Berserk, Trog's Hand


You were on level 3 of the Dungeon.
You worshipped Trog.
Trog was pleased with you.
You visited 1 branch of the dungeon, and saw 3 of its levels.

You collected 186 gold pieces.

Inventory:

Hand Weapons
 a - a +0 hand axe (weapon)
Missiles
 e - 25 sling bullets
 f - 6 boomerangs of dispersal (quivered)
 h - 71 stones
 m - 30 bolts
Armour
 b - a +0 animal skin
 c - a +0 pair of boots (worn)
 i - a +0 chain mail (worn)
Magical Staves
 l - a staff of earth
Jewellery
 d - an amulet of the acrobat (around neck)
Scrolls
 g - a scroll of enchant weapon {unknown}
 k - 2 scrolls of teleportation {unknown}
 o - a scroll of summoning {unknown}
Potions
 j - a potion of heal wounds {unknown}
 n - a potion of brilliance {unknown}


   Skills:
 - Level 3.6 Fighting
 + Level 6.8 Axes
 - Level 2.4 Armour
 - Level 2.1 Dodging


You had 3 spell levels left.
You didn't know any spells.
Your spell library contained the following spells:

 Spells                   Type           Power      Damage    Failure   Level
 Magic Dart               Conj           0%         1d3       99%         1
 Call Imp                 Summ           0%         N/A       100%        2
 Mephitic Cloud           Conj/Pois/Air  0%         N/A       100%        3
 Summon Guardian Golem    Hex/Summ       0%         N/A       100%        3
 Orb of Destruction       Conj           0%         N/A       100%        7
 Spellforged Servitor     Conj/Summ      0%         N/A       100%        7


Dungeon Overview and Level Annotations

Branches:
Dungeon (3/15)

Altars:
Okawaru
Yredelemnul

Annotations:
D:3 Grinder


Innate Abilities, Weirdness & Mutations

You have a pair of horns on your head.
You reflexively headbutt those who attack you in melee.


Message History

Grinder says, "You look like you could use a good racking."
Grinder gestures at you.
You shrug off the repeated paralysis!
Grinder hits you.
You writhe in agony.
Grinder barely misses you.
Grinder blinks!
You can move again.
Unknown command.
Unknown command.
You are no longer berserk.
You are exhausted.
You feel yourself slow down. Grinder gestures at you.
You resist with significant effort.
You closely miss Grinder. Grinder hits you.
You writhe in agony.
You hit Grinder. You headbutt Grinder!
Grinder is moderately wounded.
Grinder gestures at you.
You barely resist. You hit Grinder but do no damage.
Grinder is moderately wounded.
Grinder hits you.
You writhe in agony.
* * * LOW HITPOINT WARNING * * *
Grinder hits you but does no damage.
Unknown command.
You closely miss Grinder. You headbutt Grinder!
Grinder is heavily wounded.
Grinder hits you.
* * * LOW HITPOINT WARNING * * *
You writhe in agony.
* * * LOW HITPOINT WARNING * * *
You closely miss Grinder. You headbutt Grinder.
Grinder is severely wounded.
Grinder hits you!
* * * LOW HITPOINT WARNING * * *
You writhe in agony.
* * * LOW HITPOINT WARNING * * *
Grinder gestures at you. Pain shoots through your body!
You die...

#..............#
.
#..............#
#####..........#
#.............#
..
#.....#.#######
..
#.....#'########
##
#...............
#
###.............
# #....@........
+.
#....5........
##
#...........####
#.####......# #.
#......# .
.......#
.......#
#######.#


You could see Grinder.

Vanquished Creatures
  A centaur skeleton (D:3)
  Robin (D:3)
  2 adders (D:2)
  2 worms (D:2)
  2 orcs (D:3)
  2 bats
  4 endoplasms
  A giant cockroach (D:1)
  15 goblins
  6 hobgoblins
  6 jackals
  4 kobolds
  3 quokkas
  5 ball pythons
  A frilled lizard (D:1)
  4 rats
59 creatures vanquished.

Notes
Turn   | Place    | Note
-------+----------+-------------------------------------------
     0 | D:1      | cdecastro the Minotaur Berserker began the quest for the
                  | Orb.
     0 | D:1      | Reached XP level 1. HP: 19/19 MP: 0/0
    36 | D:1      | Reached skill level 4 in Axes
   133 | D:1      | Found a faded altar of an unknown god.
   152 | D:1      | Reached XP level 2. HP: 26/26 MP: 1/1
   509 | D:1      | Reached skill level 5 in Axes
   511 | D:1      | Reached ** piety under Trog
   842 | D:1      | Reached XP level 3. HP: 31/31 MP: 2/2
  2266 | D:3      | Found an iron altar of Okawaru.
  2285 | D:3      | Reached XP level 4. HP: 39/39 MP: 3/3
  2287 | D:3      | Reached skill level 6 in Axes
  2309 | D:3      | Noticed Robin
  2319 | D:3      | Killed Robin
  2615 | D:3      | Found a basalt altar of Yredelemnul.
  2733 | D:3      | Noticed Grinder
  2733 | D:3      | Paralysed by Grinder for 3 turns
  2747 | D:3      | Paralysed by Grinder for 7 turns
  2761 | D:3      | HP: 1/38 [Grinder (6)]
  2761 | D:3      | Killed from afar by Grinder

Illustrated notes

Levels and vault maps discovered:
D:1:      lemuel_arrival_broad_hall, layout_loops_ring,
          shapermc_ecumenical_altar_starsandcircs, dk_noncrumbling_2
D:2:      layout_loops_ring, minmay_misc_feat_cross
D:3:      layout_basic, mainiacjoe_overflow_paths, okawaru_metal_pillars_1_2,
          minmay_stone_trees_medium, uniq_grinder, uniq_robin

Skill      XL: |  1  2  3  4 |
---------------+-------------+-----
Axes           | 4 5 6 |  6.8
Fighting       | |  3.6
Armour         | |  2.4
Dodging        | |  2.1

Action                   |  1- 3 |  4- 6 || total
-------------------------+-------+-------++-------
Melee: Hand axe          |    80 |    41 ||   121
       Headbutt          |    11 |    10 ||    21
Invok: Berserk           |       |     1 ||     1
Armor: Animal skin       |     5 |       ||     5
       Chain mail        |     9 |    16 ||    25
Dodge: Dodged            |    46 |    17 ||    63
